 Dungeon Crawl Stone Soup version 0.29.1-2-gbd0b4ee654 (webtiles) character file.

Game seed: 17470291479455529454

25 Raikaria the Conjurer (level 2, -6/21 HPs)
             Began as a Demonspawn Conjurer on Nov 8, 2022.
             Mangled by Crazy Yiuf
             ... wielding a +2 quarterstaff of chaos
              (15 damage)
             ... on level 2 of the Dungeon.
             The game lasted 00:04:13 (1273 turns).

Raikaria the Conjurer (Demonspawn Conjurer)         Turns: 1273, Time: 00:04:14

Health: -6/21      AC:  2    Str:  7    XL:     2   Next: 86%
Magic:  0/5        EV: 12    Int: 19    God:
Gold:   39         SH:  0    Dex: 11    Spells: 2/5 levels left

rFire   . . .      SeeInvis .   c - +0 short sword (freeze)
rCold   . . .      Faith    .   (no shield)
rNeg    . . .      Spirit   .   a - +0 robe
rPois   .          Reflect  .   (no helmet)
rElec   .          Harm     .   (no cloak)
rCorr   .          Rampage  .   (no gloves)
Will    .....                   (no boots)
Stlth   ++........              (no amulet)
HPRegen 0.07/turn               (no ring)
MPRegen 0.09/turn               (no ring)

@: no status effects
A: demonic touch 1
a: no special abilities


You were on level 2 of the Dungeon.
You visited 1 branch of the dungeon, and saw 2 of its levels.

You collected 39 gold pieces.

Inventory:

Hand Weapons
 c - a +0 short sword of freezing (weapon)
Armour
 a - a +0 robe (worn)
Scrolls
 d - 2 scrolls of noise {unknown}
 e - a scroll of enchant weapon {unknown}
 f - 2 scrolls of fear {unknown}
 g - a scroll of identify {unknown}
 h - a scroll of torment {unknown}
 i - a scroll of brand weapon {unknown}
Potions
 b - a potion of magic
 j - 2 potions of lignification {unknown}


   Skills:
 + Level 1.3 Fighting
 - Level 1.7 Dodging
 - Level 1.7 Stealth
 + Level 2.4 Spellcasting
 + Level 4.3 Conjurations


You had 2 spell levels left.
You knew the following spells:

 Your Spells              Type           Power      Damage    Failure   Level
a - Magic Dart            Conj           72%        1d6       2%          1
b - Searing Ray           Conj           36%        2d5       4%          2

Your spell library contained the following spells:

 Spells                   Type           Power      Damage    Failure   Level
 Dazzling Flash           Conj/Hex       20%        N/A       21%         3
 Fulminant Prism          Conj/Hex       5%         3d7       54%         4
 Iskenderun's Mystic Bla  Conj/Tloc      10%        2d4       54%         4


Dungeon Overview and Level Annotations

Branches:
Dungeon (2/15)

Altars:

Annotations:
D:2 Crazy Yiuf


Innate Abilities, Weirdness & Mutations

Your touch may inflict minor irresistible damage on your foes.


Message History

A dart slug comes into view.
The helpless dart slug fails to defend itself.
You hit the dart slug. You freeze the dart slug.
The dart slug is severely wounded.
The dart slug barely misses you.
You hit the dart slug. You freeze the dart slug.
You kill the dart slug!
Done exploring.
Done exploring.
There is a stone staircase leading down here.
You climb downwards.
There is a stone staircase leading up here.
j - 2 bubbling emerald potions
f - 2 scrolls labelled GYURHE ROS WISS (gained 1)
Found a hammer.
Found a runed translucent door.
Crazy Yiuf shouts!
You open the door.
Casting: Magic Dart (safe; 2% risk of failure)
Confirm with . or Enter, or press ? or * to list all spells.
Aiming: Searing Ray (safe; 4% risk of failure)
Press: ? - help, Shift-Dir - straight line, f - Crazy Yiuf
Aim: Crazy Yiuf, wielding a +2 quarterstaff of chaos and wearing a +0 cloak (81% to hit)
The searing ray hits Crazy Yiuf.
Crazy Yiuf is moderately wounded. (Press . to maintain the ray.)
The searing ray hits Crazy Yiuf.
Crazy Yiuf is moderately wounded.
Crazy Yiuf hits you with a +2 quarterstaff of chaos!
Ouch! That really hurt!
You feel your power leaking away.
Without enough magic to sustain it, your searing ray dissipates.
Crazy Yiuf misses you.
You hit Crazy Yiuf but do no damage.
Crazy Yiuf is moderately wounded.
Crazy Yiuf closely misses you.
You hit Crazy Yiuf. You freeze Crazy Yiuf.
Crazy Yiuf is heavily wounded.
Crazy Yiuf hits you with a +2 quarterstaff of chaos!
Ouch! That really hurt!
You die...

### #.. #.# #.# #
#####.####♣♣♣♣♣ #.
.......#....♣.♣♣♣ ###
#.##
....##.......♣..♣#...#
##...###
....##......♣♣♣♣@g...#
#......###
....###....♣♣ ♣♣#..)#
#....... ....######♣♣
### #####.....
........# #.....<.†.
........# #....#####
........############
#...
#..................#
###
#..................#
#..................#


You could see Crazy Yiuf.

Vanquished Creatures
  A dart slug (D:1)
  3 ball pythons
  An endoplasm (D:1)
  A giant cockroach (D:1)
  A goblin (D:1)
  2 hobgoblins (D:1)
  3 kobolds (D:1)
  3 quokkas (D:1)
  2 bats (D:1)
  4 rats (D:1)
21 creatures vanquished.

Notes
Turn   | Place    | Note
-------+----------+-------------------------------------------
     0 | D:1      | Raikaria the Demonspawn Conjurer began the quest for the
                  | Orb.
     0 | D:1      | Reached XP level 1. HP: 13/13 MP: 3/3
   399 | D:1      | Gained mutation: Your touch may inflict minor irresistible
                  | damage on your foes. [demonic ancestry]
   399 | D:1      | Reached XP level 2. HP: 20/20 MP: 5/5
   492 | D:1      | Learned a level 2 spell: Searing Ray
   571 | D:1      | Reached skill level 1 in Fighting
   984 | D:1      | Found a faded altar of an unknown god.
   984 | D:1      | Noticed a great orb of eyes
   989 | D:1      | Noticed a great orb of eyes
   989 | D:1      | Noticed an eye of devastation
   989 | D:1      | Noticed a floating eye
  1262 | D:2      | Found a runed translucent door.
  1265 | D:2      | Noticed Crazy Yiuf
  1273 | D:2      | Mangled by Crazy Yiuf

Illustrated notes

Levels and vault maps discovered:
D:1:      dpeg_arrival_rhombi, layout_loops_ring,
          hellmonk_ecumenical_altar_watching_god, hangedman_decor_peaks_small
D:2:      layout_rooms, uniq_crazy_yiuf_cottage

Skill      XL: |  1  2 |
---------------+-------+-----
Fighting       | 1 |  1.3
Dodging        | |  1.7
Stealth        | |  1.7
Spellcasting   | |  2.4
Conjurations   | |  4.3

Action                   || total
-------------------------++-------
Melee: Short sword       ||    25
 Cast: Magic Dart        ||    27
       Searing Ray       ||     1
 Stab: Sleeping          ||     2
Armor: Robe              ||     3
Dodge: Dodged            ||    12
